 Dungeon Crawl Stone Soup version 0.23.2-40-g277498a001 (webtiles) character file.

Game seed: 2465039559557741028

125 OrcJesus the Magician (level 4, 0/21 HPs)
             Began as a Spriggan Conjurer on Sept 7, 2019.
             Asphyxiated
             ... in a sewer.
             The game lasted 00:12:18 (2917 turns).

OrcJesus the Magician (Spriggan Conjurer)           Turns: 2917, Time: 00:12:18

Health: 0/21       AC:  2    Str:  4    XL:     4   Next: 82%
Magic:  7/13       EV: 33    Int: 17    God:
Gold:   111        SH:  0    Dex: 16    Spells: 12/15 levels left

rFire    . . .     SeeInvis +   e - +0 dagger
rCold    . . .     Gourm    .   (shield restricted)
rNeg     . . .     Faith    .   a - +0 robe
rPois    .         Spirit   .   (helmet restricted)
rElec    .         Reflect  .   (no cloak)
rCorr    .         Harm     .   (gloves unavailable)
MR       .....                  (boots unavailable)
Stlth    ++........             l - amulet of the acrobat
HPRegen  0.07/turn              (no ring)
MPRegen  0.13/turn              (no ring)

@: lethally poisoned (0 -> -23), acrobat, very slightly contaminated, slowed,
quick
A: very small, unfitting armour, see invisible, herbivore, speed 3, slow
metabolism 2
a: no special abilities


You were in a sewer.
You were not hungry.

You visited 1 branch of the dungeon, and saw 3 of its levels.
You also visited: Sewer.

You collected 111 gold pieces.

Inventory:

Hand Weapons
 e - a +0 dagger (weapon)
Armour
 a - a +0 robe (worn)
Jewellery
 l - an amulet of the acrobat (around neck)
Scrolls
 f - a scroll of teleportation
 k - a scroll of remove curse
 m - 2 scrolls of noise
Potions
 b - 3 potions of curing {unknown}
 g - 2 potions of lignification {unknown}
 j - 2 potions of heal wounds {unknown}
Comestibles
 c - 7 rations


   Skills:
 - Level 3.0 Dodging
 - Level 3.0 Stealth
 - Level 6.0 Spellcasting
 + Level 3.1 Conjurations


You had 12 spell levels left.
You knew the following spells:

 Your Spells              Type           Power        Failure   Level  Hunger
a - Magic Dart            Conj           ###.         3%          1    None
l - Searing Ray           Conj           ###...       5%          2    None

Your spell library contained the following spells:

 Spells                   Type           Power        Failure   Level  Hunger
 Dazzling Spray           Conj/Hex       ##....       21%         3    ##.....
 Iskenderun's Mystic Bla  Conj           ###.....     34%         4    ####...
 Force Lance              Conj/Tloc      ##......     54%         4    ####...
 Fulminant Prism          Conj/Hex       ##........   54%         4    ####...


Dungeon Overview and Level Annotations

Branches:
Dungeon (3/15)

Altars:


Innate Abilities, Weirdness & Mutations

You are very small and have problems with some larger weapons.
You are too small for most types of armour.
You have supernaturally acute eyesight. (SInv)
You are a herbivore.
You cover ground extremely quickly.
You need to consume almost no food.


Message History

You finish channeling your searing ray.
The ooze closely misses you.
The kobold wields a +0 blowgun.
The kobold shoots a curare-tipped needle.
The curare-tipped needle hits you.
You are poisoned.
You have difficulty breathing.
You feel yourself slow down.
You feel sick.
You feel sick.
There is an open door here.
You feel sick.
You feel sick.
You feel sick.
You feel sick.
You feel sick.
You feel sick.
The kobold shoots a curare-tipped needle.
The curare-tipped needle hits you.
You are lethally poisoned!
You have difficulty breathing.
You die...

#≈≈≈≈≈≈≈≈≈≈≈≈≈≈≈≈≈≈.#.≈≈#
#≈≈≈≈≈≈≈≈≈≈≈≈≈≈≈≈≈≈.#..≈#
#≈≈≈≈≈≈≈≈≈≈≈≈≈≈≈≈≈≈.#.(≈#
#..≈≈≈≈≈≈≈≈≈≈≈≈≈≈≈..#†≈≈# +++#
#≈≈≈≈≈≈≈≈≈≈≈≈≈≈≈≈...#†≈≈# .....
##≈####≈##≈##≈###.####.###..⌠..
#≈≈.#.............≈≈#(.(#K....⌠
#≈≈....÷.........≈≈≈≈...'SKZ_..
#≈..#.........@...≈≈#.(.#z....⌠
#≈..####≈#≈≈###≈#J####)###..⌠..
#≈≈.# ≈≈≈≈≈≈≈≈≈≈≈...#z≈≈# .....
#≈..#≈≈≈≈≈≈≈≈≈≈≈≈≈..#.)≈# +++#
#≈≈.#≈≈≈≈≈≈≈≈≈≈≈≈≈≈z#.≈≈#
#≈≈.#≈≈≈≈≈≈≈≈≈≈≈≈≈≈.#.(≈#
#≈..#≈≈≈≈≈≈≈≈≈≈≈≈≈≈.#..≈# #≈..#
≈≈≈≈≈≈≈≈≈≈.K))≈#
###≈..##################≈##


You could see a wight, an ooze and a kobold.

Vanquished Creatures
  2 big kobold zombies (Sewer)
  An adder (D:2)
  4 oozes
  A worm (D:2)
  A dart slug (D:2)
  A ball python (Sewer)
  3 giant cockroaches
  6 goblins
  5 hobgoblins
  3 jackals (D:1)
  A quokka (D:2)
  8 bats
  2 frilled lizards
  18 kobolds
  8 rats
64 creatures vanquished.

Notes
Turn   | Place    | Note
-------+----------+-------------------------------------------
     0 | D:1      | OrcJesus the Spriggan Conjurer began the quest for the Orb.
     0 | D:1      | Reached XP level 1. HP: 9/9 MP: 5/5
    68 | D:1      | Reached skill level 3 in Spellcasting
   145 | D:1      | Reached XP level 2. HP: 13/13 MP: 4/7
   149 | D:1      | Learned a level 2 spell: Searing Ray
   450 | D:1      | Reached skill level 4 in Spellcasting
   714 | D:1      | Reached XP level 3. HP: 16/16 MP: 1/9
  1556 | D:2      | Reached skill level 5 in Spellcasting
  2106 | D:2      | Reached XP level 4. HP: 21/21 MP: 4/12
  2269 | D:3      | Found a glowing drain.
  2278 | Sewer    | Entered a sewer
  2569 | Sewer    | Reached skill level 6 in Spellcasting
  2887 | Sewer    | Found an ancient bone altar of Kikubaaqudgha.
  2917 | Sewer    | Asphyxiated

Skill      XL: |  1  2  3  4 |
---------------+-------------+-----
Spellcasting   | 3 4 5 6 |  6.0
Conjurations   | 3 |  3.1
Dodging        | |  3.0
Stealth        | |  3.0

Action                   |  1- 3 |  4- 6 || total
-------------------------+-------+-------++-------
Melee: Dagger            |    51 |     1 ||    52
 Cast: Magic Dart        |    86 |    51 ||   137
       Searing Ray       |     2 |     3 ||     5
  Use: Scroll            |       |     6 ||     6
 Stab: Sleeping          |     4 |       ||     4
Armor: Robe              |     6 |     2 ||     8
Dodge: Dodged            |    47 |    31 ||    78
